 Dungeon Crawl Stone Soup version 0.18.1-48-g4cf74bf (webtiles) character file.

1023 GapingDragon the Basher (level 8, -3/92 HPs)
             Began as an Ogre Gladiator on July 9, 2016.
             Slain by a gnoll
             ... wielding a +0 whip
              (11 damage)
             ... on level 6 of the Dungeon.
             The game lasted 00:09:34 (3282 turns).

GapingDragon the Basher (Ogre Gladiator)            Turns: 3282, Time: 00:09:35

Health: -3/92      AC:  3    Str: 19 (21) XL:     8   Next: 22%
Magic:  8/8        EV: 10    Int:  4 (7)  God:
Gold:   87         SH:  0    Dex: 11 (12) Spells: 0 memorised, 7 levels left

rFire  . . .     SeeInvis .     a - +0 flail
rCold  . . .     Gourm    .     b - +0 robe
rNeg   . . .     Faith    .     (no shield)
rPois  .         Spirit   .     c - +0 hat
rElec  .         Dismiss  .     (no cloak)
rCorr  .         Reflect  .     (gloves unavailable)
SustAt .         Harm     .     (boots unavailable)
MR     .....                    (no amulet)
Stlth  +.........               (no ring)
                                (no ring)

@: not resistant to hostile enchantments, very unstealthy
A: unfitting armour, tough skin 1
a: no special abilities


You were on level 6 of the Dungeon.
You were not hungry.

You visited 1 branch of the dungeon, and saw 6 of its levels.

You collected 87 gold pieces.

Inventory:

Hand Weapons
 a - a +0 flail (weapon)
Missiles
 d - 3 throwing nets (quivered)
Armour
 b - a +0 robe (worn)
 c - a +0 hat (worn)
Wands
 n - a wand of disintegration (7/24)
Scrolls
 h - a scroll of fog
 i - a scroll of amnesia
 o - a scroll of identify
Comestibles
 f - 2 bread rations
 g - 5 fruits
 j - a meat ration


   Skills:
 + Level 9.0 Fighting
 + Level 9.5 Maces & Flails
 - Level 2.0 Throwing
 - Level 2.6 Dodging


You had 7 spell levels left.
You didn't know any spells.

Dungeon Overview and Level Annotations

Branches:
Dungeon (6/15)
 Temple: D:4-7

Altars:
Fedhas
Kikubaaqudgha


Innate Abilities, Weirdness & Mutations

You are too large for most types of armour.
You have tough skin (AC +1).


Message History

You barely miss the gnoll. The gnoll closely misses you.
You barely miss the gnoll. The gnoll hits you with a whip!
* * * LOW HITPOINT WARNING * * *
A gnoll comes into view. It is wielding a spear.
You barely miss the gnoll. The gnoll hits you but does no damage.
There is a stone staircase leading down here.
You see here an arrow.
You aren't carrying any potions.
The gnoll hits you with a whip.
* * * LOW HITPOINT WARNING * * *
The gnoll hits you from afar with a spear.
* * * LOW HITPOINT WARNING * * *
You climb downwards.
There is a stone staircase leading up here.
You hit the gnoll but do no damage. The gnoll hits you but does no damage.
You barely miss the gnoll. The gnoll barely misses you.
You hit the gnoll.
The gnoll is lightly wounded.
The gnoll hits you with a whip!
You die...

## ## ..
.##.##
######.#...
#...@..#..#
#.#..g.#..#
#...##..#
#.#.....#
#....#.##
####...#
#.### #.#
#.#


You could see a gnoll.

Vanquished Creatures
  The ghost of tape the Pure, a novice FoAK of Lugonu (D:4)
  Sigmund (D:3)
  An ogre (D:4)
  A centaur (D:5)
  A water moccasin skeleton (D:6)
  3 orc priests
  Jessica (D:2)
  An orc wizard (D:3)
  A gnoll (D:5)
  4 adders (D:2)
  An ooze (D:4)
  A dart slug (D:2)
  4 giant geckos
  9 orcs (D:3)
  5 bats
  4 giant cockroaches
  7 goblins
  4 hobgoblins
  2 jackals (D:5)
  A giant newt (D:1)
  7 kobolds
  7 rats
67 creatures vanquished.

Notes
Turn   | Place    | Note
--------------------------------------------------------------
     0 | D:1      | GapingDragon the Ogre Gladiator began the quest for the Orb.
     0 | D:1      | Reached XP level 1. HP: 22/22 MP: 1/1
   257 | D:1      | Reached XP level 2. HP: 13/31 MP: 2/2
   976 | D:2      | Reached skill level 5 in Maces & Flails
   976 | D:2      | Reached XP level 3. HP: 25/37 MP: 3/3
  1010 | D:2      | Noticed Jessica
  1020 | D:2      | Killed Jessica
  1020 | D:2      | Reached XP level 4. HP: 27/48 MP: 4/4
  1025 | D:2      | Found a blossoming altar of Fedhas.
  1026 | D:2      | Found an ancient bone altar of Kikubaaqudgha.
  1699 | D:3      | Noticed Sigmund
  1775 | D:2      | Reached skill level 5 in Fighting
  1775 | D:2      | Reached XP level 5. HP: 23/57 MP: 5/5
  2400 | D:3      | Killed Sigmund
  2400 | D:3      | Reached XP level 6. HP: 56/68 MP: 6/6
  2750 | D:4      | Noticed tape's ghost (novice FoAK)
  2774 | D:4      | Killed tape's ghost
  2774 | D:4      | Reached XP level 7. HP: 35/80 MP: 7/7
  2855 | D:4      | Reached XP level 8. HP: 44/89 MP: 8/8
  2920 | D:5      | Entered Level 5 of the Dungeon
  3282 | D:6      | Slain by a gnoll

Skill      XL: |  1  2  3  4  5  6  7  8 |
---------------+-------------------------+-----
Fighting       | 3 4 5 6 8 9 |  9.0
Maces & Flails | 5 6 7 8 9 |  9.5
Throwing       | |  2.0
Dodging        | |  2.6

Action                   |  1- 3 |  4- 6 |  7- 9 || total
-------------------------+-------+-------+-------++-------
Melee: Flail             |    98 |   154 |    34 ||   286
Evoke: Wand              |       |     4 |     1 ||     5
  Use: Potion            |     2 |     3 |     3 ||     8
       Scroll            |       |     8 |     2 ||    10
 Stab: Sleeping          |       |     1 |       ||     1
  Eat: Chunk             |     1 |     5 |     3 ||     9
Armor: Robe              |    19 |    39 |     4 ||    62
Dodge: Dodged            |    53 |    79 |    23 ||   155
